Map: Overgrowth LE (Void)

Players

Amix

  • Race: Zerg Zerg
  • League: Platinum
  • Spawn Location: 1:00

Wdowiak - Winner!

  • Race: Protoss Protoss
  • League: Platinum
  • Spawn Location: 7:00

VOD

Have the link to the VOD?

Description

Time

  • Played on: Nov. 29, 2016, 2:54 p.m.
  • Length: 10:25
Show
View Real Time Build Order
Export as new Build Order

Amix Zerg 

Build Orders: Hatch First 

Get SALT Encoding   

  12  0:01  Drone  
  13  0:09  Drone  
  14  0:17  Overlord  
  14  0:28  Drone, Extractor  
  14  0:35  Drone x2  
  17  0:54  Hatchery  
  16  0:58  Drone  
  16  1:04  Extractor  
  16  1:05  Drone  
  17  1:17  Spawning Pool  
  16  1:19  Drone  
  16  1:25  Drone  
  18  1:39  Drone x2  
  20  1:49  Drone  
  21  1:59  Drone  
  22  2:04  Metabolic Boost  
  22  2:06  Queen  
  24  2:09  Queen  
  24  2:15  Overlord  
  26  2:19  Zergling x2  
  26  2:22  Zergling x2  
  28  2:33  Drone  
  28  2:34  Drone x2  
  31  2:38  Drone  
  31  2:42  Drone  
  33  2:46  Queen  
  33  2:51  Pneumatized Carapace  
  35  2:54  Drone  
  36  3:00  Overlord  
  36  3:04  Overlord  
  36  3:10  Evolution Chamber  
  35  3:13  Zergling x2  
  36  3:20  Zergling x6  
  36  3:21  Zergling x4  
  36  3:26  Queen  
  43  3:30  Zergling x2  
  44  3:35  Queen  
  46  3:41  Zergling x2  
  46  3:44  Zergling x2  
  46  3:48  Overlord  
  48  4:12  Zergling x20  
  48  4:16  Overlord  
  58  4:23  Zergling x4  
  60  4:25  Overlord  
  60  4:28  Overlord  
  60  4:41  Zergling x6  
  41  5:08  Zergling x14  
  41  5:26  Zergling x12  
  44  5:36  Zergling x2  
  42  6:00  Zergling x12  
  38  6:13  Zergling x2  
  38  6:14  Zergling x10  
  43  6:18  Zergling x4  
  43  6:19  Zergling x2  
  43  6:22  Queen x2  
  50  6:31  Overlord x3  
  50  6:37  Overlord  
  50  6:38  Overlord  
  50  6:48  Drone x2  
  50  6:49  Drone  
  50  6:50  Zergling x6  
  56  6:58  Queen x2  
  60  7:23  Drone x2  
  60  7:24  Zergling x14  
  69  7:34  Queen x2  
  73  7:50  Zergling x2  
  73  7:51  Zergling x16  
  80  8:09  Queen x2  
  54  8:35  Zergling x12  
  56  8:45  Queen x2  
  52  8:50  Zergling x10  
  52  8:51  Zergling x8  
  43  9:16  Zergling x10  
  43  9:17  Zergling x2  
Show
View Real Time Build Order
Export as new Build Order

Wdowiak Protoss - Winner!

Build Orders: 1 Gate Expand 

Get SALT Encoding   

  12  0:00  Probe (Chrono Boost)  
  13  0:11  Probe (Chrono Boost)  
  14  0:19  Pylon  
  14  0:23  Probe (Chrono Boost)  
  15  0:38  Probe (Chrono Boost)  
  16  0:46  Gateway  
  16  0:48  Probe (Chrono Boost)  
  17  0:55  Assimilator  
  17  0:59  Probe (Chrono Boost)  
  18  1:09  Probe (Chrono Boost)  
  19  1:29  Nexus  
  19  1:34  Cybernetics Core  
  19  1:39  Pylon  
  19  1:43  Probe (Chrono Boost)  
  20  1:53  Probe (Chrono Boost)  
  21  2:04  Probe (Chrono Boost)  
  22  2:14  Gateway  
  22  2:16  Gateway  
  22  2:17  Adept  
  22  2:20  Probe (Chrono Boost)  
  25  2:23  Assimilator  
  25  2:29  Warp Gate (Chrono Boost)  
  25  2:37  Probe (Chrono Boost)  
  26  2:46  Probe (Chrono Boost)  
  26  2:47  Adept  
  29  3:04  Probe (Chrono Boost), Mothership Core (Chrono Boost)  
  32  3:09  Pylon  
  32  3:15  Probe (Chrono Boost)  
  32  3:22  Probe (Chrono Boost)  
  32  3:24  Robotics Facility  
  32  3:25  Probe (Chrono Boost)  
  34  3:33  Probe  
  35  3:35  Probe  
  35  3:40  Stalker x2  
  40  3:45  Probe  
  41  3:51  Assimilator, Probe  
  42  3:58  Probe  
  42  4:01  Probe  
  44  4:10  Twilight Council  
  48  4:17  Immortal (Chrono Boost)  
  48  4:20  Pylon  
  48  4:23  Pylon  
  48  4:26  Probe  
  48  4:28  Probe  
  50  4:36  Probe  
  51  4:42  Stalker  
  51  4:45  Stalker  
  55  4:46  Adept  
  44  5:08  Stalker, Probe  
  44  5:09  Stalker x2  
  41  5:19  Probe x2  
  40  5:29  Probe  
  40  5:31  Probe  
  40  5:35  Gateway  
  42  5:36  Gateway  
  42  5:40  Resonating Glaives (Chrono Boost)  
  42  5:41  Adept x2  
  46  5:43  Probe  
  47  6:05  Adept x2  
  51  6:12  Probe  
  51  6:14  Probe  
  49  6:24  Probe  
  49  6:26  Probe  
  51  6:38  Probe  
  51  6:39  Probe  
  53  6:43  Stalker x3  
  53  6:45  Adept  
  61  6:55  Probe  
  61  6:56  Gateway  
  61  6:57  Probe  
  63  7:02  Warp Prism  
  63  7:06  Adept  
  63  7:07  Adept  
  69  7:11  Pylon  
  69  7:15  Probe  
  70  7:24  Pylon  
  70  7:29  Probe  
  71  7:32  Adept  
  71  7:33  Adept x2  
  77  7:37  Probe, Pylon  
  77  7:43  Probe  
  79  7:48  Pylon  
  79  8:09  Stalker x2  
  79  8:10  Stalker x3  
  73  8:33  Adept x4  
  73  8:34  Adept  
  79  8:48  Probe  
  79  8:50  Probe  
  79  8:54  Zealot x4  
  73  9:19  Adept x5  
  73  9:22  Probe  
  82  9:44  Adept  
  82  9:45  Adept x3  
  86  10:05  Zealot  
  86  10:06  Zealot x2  
Tags
 
Add a new tag
Caveats
  • Supply blocks, unpowered buildings, or Contaminate may cause inaccurate times.
  • Supply counts are checked every 10 seconds.